 Dungeon Crawl Stone Soup version 0.24.0-13-gcf9b3192b9 (webtiles) character file.

Game seed: 13972273952662935650, levelgen mode: deterministic

160 Flugslaktarn the Shield-Bearer (level 5, -1/49 HPs)
             Began as a Deep Dwarf Fighter on Nov 10, 2019.
             Was a Plaything of Xom.
             Slain by an ogre
             ... wielding a cursed -2 giant club
              (9 damage)
             ... on level 4 of the Dungeon.
             The game lasted 00:00:41 (511 turns).

Flugslaktarn the Shield-Bearer (Deep Dwarf Fighter)  Turns: 511, Time: 00:00:41

Health: -1/49      AC:  8    Str: 21    XL:     5   Next: 17%
Magic:  4/4        EV:  7    Int:  8    God:    Xom [*.....]
Gold:   80         SH: 13    Dex: 12    Spells: 4/4 levels left

rFire    . . .     SeeInvis .   a - +0 war axe
rCold    . . .     Gourm    .   c - +0 shield
rNeg     . . .     Faith    .   b - +0 scale mail
rPois    .         Spirit   .   (no helmet)
rElec    .         Reflect  +   i - +0 cloak
rCorr    .         Harm     .   (no gloves)
MR       .....                  (no boots)
Stlth    ..........             f - +4 amulet of reflection
HPRegen  0.00/turn              (no ring)
MPRegen  0.09/turn              (no ring)

@: non-regenerating
A: damage resistance, heal wounds, sense surroundings 1, no regeneration
a: Heal Wounds, Renounce Religion


You were on level 4 of the Dungeon.
You worshipped Xom.
You were a special plaything of Xom.
You were not hungry.

You visited 1 branch of the dungeon, and saw 4 of its levels.

You collected 80 gold pieces.

Inventory:

Hand Weapons
 a - a +0 war axe (weapon)
Armour
 b - a +0 scale mail (worn)
 c - a +0 shield (worn)
 i - a +0 cloak (worn)
   (You took it off Crazy Yiuf on level 2 of the Dungeon)
Jewellery
 f - a +4 amulet of reflection (around neck)
   (You found it on level 1 of the Dungeon)
 j - a +4 ring of dexterity {unknown}
   (You found it on level 2 of the Dungeon)
Wands
 k - a wand of acid (7)
   (You found it on level 4 of the Dungeon)
Scrolls
 h - a scroll of remove curse {unknown}
Potions
 d - 2 potions of might
 l - a potion of curing {unknown}
Comestibles
 e - a ration
 g - 8 chunks of flesh


   Skills:
 + Level 3.3 Fighting
 * Level 4.1 Axes
 + Level 4.1 Armour
 + Level 4.1 Shields


You had 4 spell levels left.
You didn't know any spells.
Your spell library was empty.

Dungeon Overview and Level Annotations

Branches:
Dungeon (4/15)
 Temple: D:4-7

Altars:
Nemelex Xobeh
Xom


Innate Abilities, Weirdness & Mutations

You are resistant to damage.
You can heal yourself by infusing magical energy.
You passively map a small area around you.
You do not regenerate.


Message History

You fail to use your ability.
Something hits you.
You closely miss something. Something hits you!
* * * LOW HITPOINT WARNING * * *
You closely miss something. Something hits you but does no damage.
You hit something but do no damage.
An adder comes into view.
Something hits you but does no damage.
The adder moves out of view.
You closely miss something. Something hits you.
* * * LOW HITPOINT WARNING * * *
You closely miss something. You block something's attack.
Your magical essence is drained by the effort!
You feel much better. Something hits you.
You fail to use your ability.
Something hits you.
You closely miss something. Something hits you!!
* * * LOW HITPOINT WARNING * * *
Your shield and scale mail prevent you from hitting something.
Something hits you!
* * * LOW HITPOINT WARNING * * *
You barely miss something. Something hits you!
You die...

#####.# * * , #.# *
,..# * , *, ### #.#
* ..##* ..# #.# * *
...#*, * #.###.#, ,
...# #.....# * ...#
* #.....#, , l..,,
##....###########{#
**
#..[...........@.#
#...##############
#####


You could see an iguana.

Vanquished Creatures
  Crazy Yiuf (D:2)
  A worker ant (D:4)
  A killer bee zombie (D:4)
  A hound skeleton (D:4)
  A gnoll (D:1)
  4 adders
  An adder skeleton (D:4)
  A ball python (D:2)
  4 goblins
  3 hobgoblins
  3 jackals (D:4)
  3 kobolds
  2 bats (D:3)
  A frilled lizard (D:2)
  A rat (D:3)
28 creatures vanquished.

Notes
Turn   | Place    | Note
-------+----------+-------------------------------------------
     0 | D:1      | Flugslaktarn the Deep Dwarf Fighter began the quest for the
                  | Orb.
     0 | D:1      | Reached XP level 1. HP: 20/20 MP: 1/1
    38 | D:1      | Reached XP level 2. HP: 21/27 MP: 2/2
    45 | D:2      | Found a sparkling altar of Nemelex Xobeh.
    45 | D:2      | Found a shimmering altar of Xom.
   118 | D:2      | Reached XP level 3. HP: 30/33 MP: 3/3
   144 | D:2      | Became a worshipper of Xom of Chaos
   168 | D:2      | Found a runed translucent door.
   169 | D:2      | Noticed Crazy Yiuf
   177 | D:2      | Killed Crazy Yiuf
   186 | D:2      | XOM: harmless Chrm miscast
   323 | D:4      | XOM: noise
   331 | D:4      | Reached XP level 4. HP: 30/42 MP: 4/4
   396 | D:4      | Reached XP level 5. HP: 35/49 MP: 5/5
   491 | D:4      | Noticed an ogre
   492 | D:4      | XOM: enchant monster (bad)
   499 | D:4      | XOM: noise
   511 | D:4      | Slain by an ogre

Levels and vault maps discovered:
D:1:      shiori_arrival_oz, layout_basic, corexii_item_surrounded_by_moat
D:2:      layout_loops_cross, overflow_temple_1_default,
          grunt_temple_overflow_open, minmay_door_square,
          uniq_crazy_yiuf_cottage, uniq_terence
D:3:      layout_basic, uniq_grinder
D:4:      minmay_recursive_quarters, layout_basic, nicolae_tso_carved_into_rock,
          first_ration, uniq_blork_the_orc

Skill      XL: |  1  2  3  4 |
---------------+-------------+-----
Axes           | 3 4 |  4.1
Fighting       | 3 |  3.3
Armour         | 4 |  4.1
Shields        | 4 |  4.1

Action                   |  1- 3 |  4- 6 || total
-------------------------+-------+-------++-------
Melee: War axe           |    56 |    48 ||   104
 Abil: Heal Wounds       |     1 |     5 ||     6
Armor: Scale mail        |    18 |    25 ||    43
Dodge: Dodged            |    19 |    14 ||    33
Block: Shield            |    51 |    23 ||    74
